Map: Oxide LE

Players

Clem - Winner!

  • Race: Terran Terran
  • Spawn Location: 7:00

TYTY (TY)

  • Race: Terran Terran
  • Spawn Location: 1:00

Event: IEM Katowice 2021

VOD

Have the link to the VOD?

Description

Time

  • Played on: Feb. 22, 2021, 10:42 a.m.
  • Length: 16:40

All games in this series

Show
View Real Time Build Order
Export as new Build Order

Clem Terran - Winner!

Build Orders: Reaper Expand 

Get SALT Encoding   

  12  0:00  SCV  
  13  0:12  SCV  
  14  0:17  Supply Depot  
  14  0:24  SCV  
  15  0:38  SCV  
  15  0:40  Barracks  
  16  0:44  Refinery  
  16  0:50  SCV  
  17  1:03  SCV  
  18  1:15  SCV  
  19  1:26  Reaper  
  19  1:27  Orbital Command  
  20  1:41  Command Center  
  20  1:52  SCV  
  21  1:56  Supply Depot  
  21  1:58  Marine  
  22  2:05  SCV  
  23  2:09  Factory  
  23  2:17  Marine  
  23  2:18  SCV  
  23  2:20  Refinery  
  25  2:30  SCV  
  26  2:42  SCV, Barracks Reactor  
  27  2:54  Orbital Command, Starport  
  27  2:55  SCV  
  27  2:56  Factory Tech Lab  
  28  3:05  Supply Depot  
  28  3:07  SCV  
  29  3:16  Cyclone  
  29  3:18  Marine x2, Refinery  
  29  3:19  SCV  
  35  3:20  SCV  
  36  3:31  Starport Tech Lab, SCV  
  36  3:32  SCV  
  38  3:36  Marine x2, Supply Depot  
  40  3:43  SCV  
  40  3:44  SCV  
  42  3:49  Banshee  
  45  3:55  SCV  
  45  3:56  Siege Tank  
  45  3:57  Marine x2  
  45  3:59  SCV  
  45  4:02  Supply Depot  
  52  4:08  SCV  
  53  4:11  SCV  
  54  4:19  Marine x2  
  54  4:20  SCV  
  54  4:23  SCV  
  58  4:25  Supply Depot  
  58  4:31  Siege Tank  
  58  4:36  Raven  
  58  4:37  SCV  
  63  4:39  Command Center  
  63  4:43  SCV  
  63  4:44  Marine x2  
  66  4:49  SCV, Supply Depot  
  67  4:55  SCV  
  68  5:01  SCV  
  68  5:02  Refinery  
  68  5:03  Siege Tank  
  68  5:06  Marine x2  
  74  5:07  SCV  
  74  5:11  Supply Depot  
  74  5:13  SCV  
  76  5:19  Raven, SCV  
  78  5:25  SCV  
  78  5:26  Marine  
  78  5:27  Marine  
  78  5:32  SCV  
  73  5:37  SCV, Siege Tank  
  73  5:39  Barracks  
  73  5:40  Barracks  
  76  5:44  SCV  
  78  5:50  SCV  
  78  5:52  Orbital Command  
  78  5:56  SCV  
  79  5:59  Engineering Bay  
  79  6:00  Engineering Bay  
  79  6:02  SCV  
  80  6:08  SCV  
  80  6:09  Siege Tank  
  80  6:10  Stimpack  
  83  6:12  Marine, Orbital Command  
  83  6:14  SCV  
  85  6:21  Viking x2  
  85  6:23  SCV  
  85  6:25  Supply Depot  
  90  6:27  SCV  
  90  6:30  Terran Infantry Weapons Level 1  
  90  6:32  Terran Infantry Armor Level 1  
  92  6:35  SCV  
  92  6:36  Barracks Reactor  
  92  6:37  SCV  
  92  6:39  SCV  
  95  6:40  Marine  
  95  6:42  Barracks Reactor  
  95  6:46  Supply Depot  
  95  6:47  SCV  
  95  6:49  SCV  
  95  6:50  Siege Tank  
  95  6:51  SCV  
  100  6:59  SCV  
  100  7:00  Supply Depot  
  100  7:01  Marine  
  101  7:02  Viking  
  101  7:05  Viking  
  106  7:09  SCV, Supply Depot  
  106  7:10  SCV  
  106  7:14  Marine x2  
  110  7:18  Marine x2  
  110  7:20  Supply Depot  
  110  7:21  Marine  
  113  7:27  SCV x2  
  113  7:28  SCV  
  113  7:29  Refinery x2  
  116  7:34  Marine x2  
  116  7:36  Medivac, Siege Tank  
  123  7:40  Medivac  
  121  7:46  Marine  
  121  7:50  Marine x2  
  115  7:52  Marine x2  
  115  7:53  SCV x3  
  120  8:04  Marine  
  120  8:05  SCV  
  119  8:06  Combat Shield  
  119  8:08  Marine  
  119  8:09  Barracks, Siege Tank  
  119  8:10  SCV, Barracks  
  119  8:11  SCV  
  125  8:14  Marine  
  125  8:16  Marine x2  
  125  8:18  SCV  
  127  8:20  Medivac x2  
  127  8:22  SCV  
  128  8:27  SCV  
  128  8:30  SCV  
  128  8:33  Marine x2  
  130  8:34  SCV  
  130  8:35  Marine  
  130  8:39  SCV  
  132  8:42  SCV  
  132  8:47  SCV  
  134  8:50  Medivac, Armory  
  134  8:51  SCV  
  134  8:54  SCV  
  134  8:55  Siege Tank  
  141  9:00  Medivac, Marine  
  141  9:01  SCV  
  145  9:03  SCV, Sensor Tower  
  145  9:09  Supply Depot, Marine x3  
  149  9:10  Barracks Reactor  
  149  9:11  Supply Depot, Barracks Reactor  
  149  9:17  SCV, Marine  
  149  9:18  Marine  
  149  9:27  SCV  
  149  9:28  Missile Turret  
  149  9:30  Marine x3  
  152  9:37  Command Center  
  152  9:39  SCV  
  149  9:48  Marine  
  149  9:50  Marine x2  
  130  9:53  Medivac  
  130  9:54  Medivac  
  130  9:56  Marine x3  
  130  9:57  Marine x3, Siege Tank  
  142  10:06  Marine  
  134  10:08  Marine x2  
  127  10:14  Marine x3  
  127  10:16  Terran Infantry Armor Level 2, Terran Infantry Weapons Level 2  
  127  10:17  Factory, Marine  
  127  10:18  Marine  
  127  10:20  Marine  
  133  10:24  Marine  
  133  10:25  Marine  
  133  10:26  Medivac, Marine  
  135  10:28  Sensor Tower  
  135  10:30  Siege Tank  
  135  10:31  Barracks  
  135  10:32  Marine  
  135  10:33  Medivac, Marine  
  135  10:34  Barracks, Marine  
  135  10:35  Barracks  
  141  10:36  Marine x2  
  141  10:38  Marine  
  141  10:42  Marine  
  145  10:43  Marine  
  145  10:48  Marine  
  143  10:50  Marine  
  143  10:51  Marine  
  143  10:52  Marine  
  143  10:56  Medivac, Marine x3  
  148  10:58  Planetary Fortress  
  148  10:59  Marine  
  148  11:01  SCV, Marine  
  148  11:02  Siege Tank  
  154  11:06  Marine  
  154  11:07  Marine  
  154  11:08  Terran Vehicle Weapons Level 1  
  154  11:09  Marine x2  
  154  11:10  Supply Depot  
  158  11:13  Marine  
  158  11:14  Marine x2  
  158  11:16  Medivac  
  158  11:17  Marine  
  164  11:19  Marine x2  
  166  11:25  Marine  
  166  11:26  Marine, Factory Tech Lab  
  166  11:32  Marine  
  168  11:35  SCV  
  168  11:40  Marine  
  168  11:43  Marine x2, Siege Tank  
  168  11:46  Marine x2  
  163  11:50  Marine  
  163  11:51  Siege Tank  
  163  11:52  Marine x2  
  163  11:53  Marine x2  
  168  11:56  Marine  
  168  12:00  Marine x2  
  171  12:03  Marine x2  
  171  12:04  Command Center, Marine  
  171  12:05  Marine, Viking x2  
  171  12:07  Marine  
  180  12:10  SCV  
  180  12:12  SCV, Command Center  
  181  12:15  SCV x2  
  181  12:16  Marine x2  
  181  12:17  Sensor Tower  
  181  12:21  Siege Tank  
  188  12:25  Marine  
  184  12:31  Siege Tank  
  184  12:32  Marine  
  188  12:39  Marine x2  
  188  12:40  Marine x2  
  188  12:44  Marine  
  188  12:45  Marine  
  188  12:51  Marine x2, Viking  
  188  12:52  Marine x2  
  188  12:53  Marine  
  188  12:54  Marine  
  188  12:56  Viking  
  188  12:58  Terran Infantry Weapons Level 3  
  188  13:04  Marine x3  
  188  13:06  Terran Infantry Armor Level 3  
  188  13:16  Marine x5, Siege Tank  
  188  13:17  Marine x3  
  188  13:18  Marine, Siege Tank  
  187  13:22  Marine x3  
  158  13:27  Viking  
  158  13:33  Marine x4  
  165  13:34  SCV, Marine  
  165  13:35  Marine  
  165  13:39  Marine x2  
  169  13:45  Refinery  
  169  13:46  Marine  
  169  13:47  Marine  
  169  13:48  Siege Tank  
  171  13:49  Marine  
  171  13:52  Marine  
  171  13:54  Marine x2  
  173  13:57  Marine x5  
  173  14:00  Marine, Siege Tank  
  173  14:02  Refinery  
  179  14:04  Medivac, Marine x2  
  179  14:06  Marine  
  179  14:07  Planetary Fortress  
  182  14:10  Marine  
  182  14:12  Marine x2  
  182  14:15  Marine x4  
  173  14:18  Marine x2, Orbital Command  
  173  14:20  Siege Tank  
  173  14:22  Medivac, Marine x2  
  168  14:24  Marine  
  168  14:28  Marine  
  168  14:30  SCV x2, Marine x2  
  151  14:32  Marine, Siege Tank  
  151  14:33  Marine x2  
  151  14:34  Marine  
  151  14:35  SCV  
  151  14:38  Marine x2  
  151  14:42  SCV  
  151  14:43  Medivac  
  155  14:47  Marine  
  155  14:52  Siege Tank  
  158  14:54  Marine x2  
  158  14:56  Marine  
  160  15:02  Marine x2  
  160  15:04  Marine, Siege Tank  
  166  15:11  Orbital Command  
  166  15:13  Sensor Tower  
  166  15:18  SCV  
  166  15:19  SCV, Missile Turret  
  166  15:20  SCV  
  169  15:24  Siege Tank  
  156  15:30  Marine x6  
  156  15:32  Marine  
  158  15:36  Marine x3, Siege Tank  
  164  15:47  Marine  
  164  15:48  Marine x3  
  154  15:50  Marine x2  
  154  15:52  Marine x2  
  154  15:54  Marine x2  
  154  15:56  Siege Tank  
  161  15:59  Medivac  
  161  16:00  Medivac  
  161  16:04  Marine  
  164  16:08  Marine  
  164  16:10  Marine x2  
  164  16:11  Marine  
  171  16:12  Marine x2  
  171  16:13  Marine  
  171  16:14  Marine  
Show
View Real Time Build Order
Export as new Build Order

TYTY Terran 

Build Orders: Gas First Reaper Expand 

Get SALT Encoding   

  12  0:00  SCV  
  13  0:12  SCV  
  14  0:18  Supply Depot  
  14  0:24  SCV  
  14  0:27  Refinery  
  15  0:40  SCV  
  16  0:43  Barracks  
  16  0:52  SCV  
  17  1:04  SCV  
  18  1:16  SCV  
  19  1:30  Reaper, Orbital Command  
  20  1:41  Command Center  
  20  1:51  Factory  
  20  1:56  SCV  
  21  2:03  Supply Depot  
  21  2:05  Reaper  
  21  2:08  SCV  
  23  2:15  Refinery  
  23  2:25  SCV  
  24  2:35  Hellion  
  26  2:37  SCV, Marine  
  26  2:42  Starport  
  28  2:49  SCV  
  29  2:53  Orbital Command  
  29  2:56  Barracks Tech Lab  
  29  2:58  Factory Tech Lab  
  29  3:01  SCV  
  30  3:13  SCV  
  30  3:14  Refinery  
  30  3:18  Cyclone  
  34  3:21  SCV  
  34  3:25  SCV  
  36  3:28  Banshee  
  36  3:30  Supply Depot  
  36  3:33  SCV  
  40  3:38  Barracks Reactor  
  40  3:40  SCV  
  41  3:45  SCV  
  42  3:52  SCV  
  42  3:54  Cyclone  
  46  3:57  SCV  
  46  3:58  Supply Depot  
  47  4:04  SCV  
  48  4:10  SCV  
  48  4:13  Command Center  
  48  4:15  Marine  
  48  4:16  SCV  
  50  4:18  Raven  
  50  4:22  SCV  
  53  4:27  Marine  
  53  4:28  SCV  
  55  4:32  Marine, Refinery  
  55  4:34  SCV  
  55  4:35  Siege Tank  
  60  4:40  SCV  
  60  4:41  Supply Depot  
  60  4:43  Supply Depot  
  59  4:57  SCV  
  59  4:59  SCV  
  61  5:07  Siege Tank  
  61  5:09  SCV  
  61  5:11  SCV  
  61  5:13  Viking x2  
  69  5:15  Supply Depot  
  69  5:21  SCV  
  67  5:23  SCV  
  67  5:26  Orbital Command  
  67  5:28  Marine  
  68  5:33  SCV  
  68  5:35  SCV  
  69  5:39  Siege Tank  
  69  5:43  Viking  
  69  5:47  SCV  
  69  5:49  Stimpack  
  72  5:50  Orbital Command  
  72  5:51  Marine  
  72  5:55  SCV  
  74  5:59  SCV  
  72  6:05  Viking  
  72  6:07  SCV  
  72  6:08  Marine  
  76  6:13  Siege Tank, Viking  
  76  6:15  SCV  
  81  6:21  SCV  
  81  6:23  SCV  
  83  6:29  Marine  
  84  6:34  Engineering Bay  
  84  6:35  Barracks  
  84  6:36  Barracks  
  86  6:42  SCV x2  
  86  6:45  Supply Depot, Siege Tank  
  93  6:47  Engineering Bay  
  93  6:50  Liberator x2  
  93  6:53  Marine  
  96  6:56  SCV  
  97  7:02  Barracks  
  97  7:03  SCV, Barracks  
  98  7:11  Marine, Terran Infantry Weapons Level 1  
  98  7:14  SCV x2  
  101  7:15  SCV  
  101  7:18  Siege Tank  
  104  7:28  Marine  
  105  7:30  Barracks Reactor x2  
  107  7:38  Terran Infantry Armor Level 1  
  105  7:45  SCV x2  
  105  7:48  Viking x2  
  104  7:54  Siege Tank  
  102  8:00  Marine  
  102  8:03  Barracks Reactor  
  96  8:07  Marine x4  
  96  8:09  Command Center  
  103  8:17  Barracks Reactor, Combat Shield  
  103  8:18  Marine  
  101  8:21  SCV x2  
  101  8:25  Marine x4  
  108  8:29  Missile Turret x2  
  108  8:32  Armory  
  107  8:36  Marine  
  107  8:41  Marine  
  109  8:51  Supply Depot x2  
  109  8:55  Orbital Command  
  109  9:00  Refinery, Sensor Tower  
  109  9:12  SCV, Marine x3, Viking x2  
  109  9:13  SCV, Marine x6  
  123  9:21  Siege Tank  
  126  9:24  Refinery  
  126  9:30  Marine x3, Orbital Command  
  126  9:31  Marine  
  130  9:32  Terran Infantry Weapons Level 2  
  130  9:33  Terran Infantry Armor Level 2  
  130  9:34  Marine x2  
  130  9:37  Missile Turret  
  130  9:38  Marine x2  
  132  9:51  Marine x2  
  128  9:53  Marine x2  
  128  9:58  Medivac  
  128  9:59  Medivac  
  133  10:00  Marine x2  
  133  10:05  SCV  
  136  10:10  Marine x3  
  136  10:12  Refinery  
  140  10:14  Barracks, Marine x2  
  140  10:15  Marine  
  140  10:17  Barracks, Supply Depot x2, Factory  
  140  10:18  Orbital Command  
  140  10:19  Supply Depot  
  140  10:23  Marine  
  140  10:27  Marine  
  140  10:38  Medivac x2, SCV x3, Supply Depot, Marine  
  140  10:39  Supply Depot x2, Siege Tank, Sensor Tower  
  151  10:43  SCV  
  150  10:50  SCV x3, Marine x2  
  150  10:51  Marine x3  
  150  10:53  Marine x2  
  150  10:56  SCV  
  157  11:01  Factory Reactor  
  157  11:02  SCV  
  160  11:06  Marine  
  161  11:12  Barracks Reactor x2  
  161  11:14  Liberator x2  
  165  11:22  Sensor Tower  
  165  11:31  Marine  
  165  11:32  Marine x4  
  162  11:33  Marine x3  
  166  11:43  Siege Tank  
  158  11:49  Marine x2  
  158  11:50  Marine x5  
  158  11:52  Marine x5  
  166  11:57  Liberator  
  164  12:06  Barracks Reactor  
  164  12:07  Marine x3  
  164  12:08  Marine x4  
  165  12:10  Terran Infantry Weapons Level 3  
  165  12:12  SCV x2  
  165  12:15  Medivac, Siege Tank  
  170  12:18  Terran Infantry Armor Level 3  
  175  12:28  Siege Tank  
  175  12:29  Marine x3  
  177  12:30  Marine x4  
  177  12:31  Marine  
  177  12:32  Marine  
  178  12:47  Siege Tank  
  178  12:48  Marine  
  177  12:52  Marine x2  
  177  12:53  Marine x5  
  177  12:55  Marine  
  177  12:56  Marine x3  
  180  13:00  Siege Tank  
  180  13:03  Marine  
  181  13:06  Marine x2  
  181  13:09  Marine  
  181  13:10  Medivac, Marine  
  181  13:11  Marine  
  188  13:16  Marine  
  188  13:17  Marine  
  188  13:19  Marine x3  
  183  13:20  Siege Tank  
  183  13:25  Marine  
  183  13:26  Medivac, Marine x4  
  151  13:32  Marine, Siege Tank  
  151  13:33  Marine x3  
  146  13:34  Marine  
  146  13:36  SCV  
  146  13:40  Medivac, Marine x4  
  154  13:44  Marine x2  
  154  13:45  Marine x3  
  156  13:48  Orbital Command  
  156  13:50  Marine x3  
  156  13:51  Marine  
  156  13:52  Siege Tank  
  156  13:54  Marine  
  162  13:57  Terran Vehicle Weapons Level 1  
  162  13:58  Marine x3  
  162  14:01  Medivac  
  158  14:09  Marine x3  
  158  14:14  Marine x6  
  158  14:15  Marine x2  
  157  14:18  SCV x2  
  157  14:21  SCV x2  
  140  14:30  SCV x2  
  133  14:33  SCV x2  
  133  14:36  Marine x2  
  133  14:37  Marine  
  119  14:42  SCV x2  
  119  14:43  Medivac  
  119  14:45  SCV  
  122  14:50  Siege Tank x2  
  125  14:57  Marine x9  
  125  14:58  Marine  
  133  15:02  Medivac  
  133  15:05  Marine x4  
  138  15:15  Marine x7  
  138  15:16  Marine x2  
  138  15:17  Marine  
  138  15:18  SCV  
  138  15:19  SCV  
  150  15:22  Siege Tank  
  150  15:26  Marine  
  150  15:27  Marine  
  150  15:28  Marine x2  
  139  15:33  Marine x4  
  139  15:35  Marine x5, Siege Tank  
  130  15:36  SCV, Marine  
  137  15:44  Marine x2  
  137  15:47  Marine x2  
  115  15:50  Marine  
  115  15:51  Marine x3  
  115  15:53  Marine x3  
  115  15:54  Marine x2  
  115  15:56  Medivac  
  123  15:57  Marine  
  123  16:02  Marine x2  
  126  16:04  Marine  
  126  16:05  Marine  
  126  16:08  Marine  
  126  16:09  Marine x2  
  126  16:10  Marine  
  126  16:11  Marine x2  
  132  16:16  Marine x4  

Tags
 
Add a new tag
Caveats
  • Supply blocks, unpowered buildings, or Contaminate may cause inaccurate times.
  • Supply counts are checked every 10 seconds.